 Dungeon Crawl Stone Soup version 0.22.1-6-g1668fe2 (webtiles) character file.

1636 Fang the Chopper (level 8, -2/51 HPs)
             Began as a Gargoyle Berserker on Jan 25, 2019.
             Was an Elder of Trog.
             Slain by an ogre
             ... wielding a +0 giant club
              (15 damage)
             ... on level 6 of the Dungeon.
             The game lasted 00:10:38 (6048 turns).

Fang the Chopper (Gargoyle Berserker)               Turns: 6048, Time: 00:10:39

Health: -2/51      AC: 17    Str: 21    XL:     8   Next: 98%
Magic:  8/8        EV:  7    Int:  8    God:    Trog [****..]
Gold:   259        SH:  0    Dex:  9    Spells: 7/7 levels left

rFire    . . .     SeeInvis +   y - +0 hand axe (chop)
rCold    . . .     Gourm    .   (no shield)
rNeg     + . .     Faith    .   s - +0 plate armour
rPois    ∞         Spirit   .   (no helmet)
rElec    +         Reflect  .   (no cloak)
rCorr    .         Harm     .   (no gloves)
MR       .....                  (no boots)
Stlth    ..........             (no amulet)
HPRegen  0.17/turn              i - -2 ring of strength (curse)
MPRegen  0.11/turn              d - ring of see invisible

@: no status effects
A: negative energy resistance 1, electricity resistance, unbreathing,
petrification resistance, rot immunity, AC +5
a: Berserk, Trog's Hand, Brothers in Arms, Renounce Religion


You were on level 6 of the Dungeon.
You worshipped Trog.
Trog was greatly pleased with you.
You were not hungry.

You visited 2 branches of the dungeon, and saw 7 of its levels.

You collected 259 gold pieces.

Inventory:

Hand Weapons
 a - a +0 hand axe
 y - a +0 hand axe of chopping (weapon)
Armour
 s - a +0 plate armour (worn)
Jewellery
 d - a ring of see invisible (right hand)
 i - a cursed -2 ring of strength (left hand)
 l - an uncursed ring of stealth
Wands
 b - a wand of flame (8)
Scrolls
 e - 5 scrolls of identify {unknown}
 g - 3 scrolls of fog {unknown}
 k - a scroll of enchant armour {unknown}
 n - 2 scrolls of amnesia {unknown}
 p - a scroll of immolation {unknown}
 q - a scroll of blinking {unknown}
 r - 3 scrolls of fear {unknown}
 t - 3 scrolls of teleportation {unknown}
 u - 2 scrolls of remove curse {unknown}
 x - a scroll of enchant weapon {unknown}
Potions
 f - a potion of flight {unknown}
 h - 3 potions of degeneration {unknown}
 j - a potion of lignification {unknown}
 m - 5 potions of curing {unknown}
 o - 3 potions of heal wounds {unknown}
 v - a potion of magic {unknown}
 w - a potion of invisibility {unknown}
Comestibles
 c - 3 rations


   Skills:
 + Level 6.1 Fighting
 + Level 7.7 Axes
 + Level 5.1 Armour
 + Level 3.6 Dodging
 + Level 1.4 Stealth


You had 7 spell levels left.
You didn't know any spells.
Your spell library was empty.

Dungeon Overview and Level Annotations

Branches:
Dungeon (6/15)             Temple (1/1) D:4

Altars:
Elyvilon
Fedhas
Sif Muna


Innate Abilities, Weirdness & Mutations

You are resistant to torment.
Your stone body is resilient. (AC +5)
You are immune to poison.
You resist negative energy. (rN+)
You are resistant to electric shocks. (rElec)
You can survive without breathing.
You are immune to petrification.
You are immune to rotting.


Message History

You are too injured to fight recklessly!
You are too injured to fight recklessly!
You are too injured to fight recklessly!
You are too injured to fight recklessly!
You are too injured to fight recklessly!
You are too injured to fight recklessly!
You are too injured to fight recklessly!
You are too injured to fight recklessly!
You are too injured to fight recklessly!
The ogre barely misses you.
You completely miss the ogre.
The ogre is heavily wounded.
You hit the ogre.
The ogre is almost dead.
The ogre hits you with a giant club!
* * * LOW HITPOINT WARNING * * *
Your plate armour prevents you from hitting the ogre.
The ogre is almost dead.
The ogre hits you with a giant club!
You die...

..#########
..+..>....#
..#.......#
#.#...O..(#
#[#...@...#
#.#.......#
##########.#.......#
##...##........=....#
......+......########
##...##......#
#...##......#
#...##......#
####........#


You could see an ogre.

Vanquished Creatures
  Sigmund (D:4)
  A hungry ghost (D:5)
  A phantom (D:4)
  An ice beast (D:3)
  An ogre (D:4)
  A centaur (D:5)
  Blork the orc (D:4)
  A bullfrog (D:5)
  2 scorpions
  A crimson imp (D:5)
  A hound (D:4)
  A bullfrog skeleton (D:4)
  A centaur skeleton (D:4)
  2 orc priests
  3 orc wizards
  Jessica (D:3)
  An iguana (D:4)
  4 worker ants
  A hound skeleton (D:4)
  10 gnolls
  13 adders
  A shadow imp (D:5)
  An adder skeleton (D:4)
  A worm (D:4)
  3 dart slugs
  8 leopard geckos
  12 orcs
  5 giant cockroaches
  12 goblins
  7 hobgoblins
  6 jackals
  3 quokkas
  7 bats
  4 frilled lizards
  A jackal zombie (D:5)
  8 kobolds
  6 rats
134 creatures vanquished.

Vanquished Creatures (others)
  A quokka (D:4)
1 creature vanquished.

Grand Total: 135 creatures vanquished

Notes
Turn   | Place    | Note
-------+----------+-------------------------------------------
     0 | D:1      | Fang the Gargoyle Berserker began the quest for the Orb.
     0 | D:1      | Reached XP level 1. HP: 14/14 MP: 1/1
    53 | D:1      | Reached XP level 2. HP: 13/19 MP: 2/2
   115 | D:1      | Reached skill level 3 in Axes
   496 | D:1      | Reached XP level 3. HP: 24/24 MP: 3/3
   684 | D:1      | Reached ** piety under Trog
  1232 | D:2      | Reached XP level 4. HP: 21/29 MP: 4/4
  2010 | D:3      | Reached XP level 5. HP: 23/33 MP: 5/5
  2235 | D:3      | Noticed an ice beast
  2248 | D:3      | Killed an ice beast
  2248 | D:3      | Reached skill level 4 in Axes
  2248 | D:3      | Reached skill level 1 in Stealth
  2548 | D:3      | Reached *** piety under Trog
  2551 | D:3      | Reached XP level 6. HP: 39/39 MP: 6/6
  2663 | D:3      | Noticed Jessica
  2670 | D:3      | Killed Jessica
  3084 | D:4      | Noticed Sigmund
  3094 | D:4      | Killed Sigmund
  3094 | D:4      | Reached skill level 5 in Axes
  3094 | D:4      | Reached XP level 7. HP: 44/44 MP: 7/7
  3550 | D:4      | Found a white marble altar of Elyvilon.
  3579 | D:4      | Noticed Blork the orc
  3602 | D:4      | Killed Blork the orc
  3602 | D:4      | Reached skill level 5 in Fighting
  3602 | D:4      | Reached skill level 6 in Axes
  3728 | D:4      | Reached XP level 8. HP: 49/49 MP: 8/8
  4035 | D:4      | Found a blossoming altar of Fedhas.
  4064 | D:4      | Found a staircase to the Ecumenical Temple.
  4140 | Temple   | Entered the Ecumenical Temple
  4209 | D:4      | Found Miyra's Distillery.
  4383 | D:4      | Reached **** piety under Trog
  4425 | D:5      | Entered Level 5 of the Dungeon
  4584 | D:5      | Reached skill level 7 in Axes
  4764 | D:5      | Found a deep blue altar of Sif Muna.
  5146 | D:5      | Paralysed by fainting for 6 turns
  5175 | D:5      | Paralysed by fainting for 8 turns
  5214 | D:5      | Reached skill level 5 in Armour
  6048 | D:6      | Slain by an ogre

Skill      XL: |  1  2  3  4  5  6  7  8 |
---------------+-------------------------+-----
Axes           | 3 4 5 6 7 |  7.7
Fighting       | 4 5 6 |  6.1
Dodging        | 2 3 |  3.6
Stealth        | 1 |  1.4
Armour         | 3 5 |  5.1

Action                   |  1- 3 |  4- 6 |  7- 9 || total
-------------------------+-------+-------+-------++-------
Melee: Hand axe          |   148 |   208 |   455 ||   811
Invok: Berserk           |     1 |     2 |     2 ||     5
  Eat: Chunk             |     2 |     7 |    15 ||    24
       Ration            |       |       |     3 ||     3
Armor: Animal skin       |    66 |    53 |       ||   119
       Plate armour      |       |    56 |   401 ||   457
Dodge: Dodged            |   127 |   163 |   175 ||   465
